 Dungeon Crawl Stone Soup version 0.26-a0-70-g31f1466007 (webtiles) character file.

Game seed: 4559650618315025221

63 MarredHen the Bolt Thrower (level 4, 0/27 HPs)
             Began as a Kobold Hunter on June 13, 2020.
             Slain by a gnoll
             ... wielding a +0 spear
              (7 damage)
             ... on level 2 of the Dungeon.
             The game lasted 00:02:45 (1371 turns).

MarredHen the Bolt Thrower (Kobold Hunter)          Turns: 1371, Time: 00:02:45

Health: 0/27       AC:  3    Str:  9    XL:     4   Next: 31%
Magic:  4/4        EV: 15    Int: 12    God:
Gold:   100        SH:  0    Dex: 16    Spells: 3/3 levels left

rFire    . . .     SeeInvis .   b - +0 short sword
rCold    . . .     Gourm    .   (shield restricted)
rNeg     . . .     Faith    .   c - +0 leather armour
rPois    .         Spirit   .   (no helmet)
rElec    .         Reflect  .   (no cloak)
rCorr    .         Harm     .   (no gloves)
MR       .....                  (no boots)
Stlth    ++........             (no amulet)
HPRegen  0.09/turn              (no ring)
MPRegen  0.09/turn              (no ring)

@: lethally poisoned (0 -> -1)
A: small, carnivore
a: no special abilities


You were on level 2 of the Dungeon.
You were not hungry.

You visited 1 branch of the dungeon, and saw 2 of its levels.

You collected 100 gold pieces.

Inventory:

Hand Weapons
 a - a +1 hand crossbow
 b - a +0 short sword (weapon)
Armour
 c - a +0 leather armour (worn)
Scrolls
 g - 2 scrolls of identify
 j - a scroll of magic mapping {unknown}
 l - 3 scrolls of remove curse {unknown}
Potions
 e - a potion of flight {unknown}
 h - a potion of stabbing {unknown}
 k - a potion of invisibility {unknown}
Comestibles
 f - 3 rations


   Skills:
 + Level 2.5 Fighting
 + Level 0.9 Short Blades
 + Level 6.2 Crossbows
 + Level 0.4 Armour
 + Level 2.6 Dodging
 + Level 1.5 Stealth


You had 3 spell levels left.
You didn't know any spells.
Your spell library was empty.

Dungeon Overview and Level Annotations

Branches:
Dungeon (2/15)

Altars:


Innate Abilities, Weirdness & Mutations

You are small and have problems with some larger weapons.
You are carnivorous and can eat meat at any time.


Message History

The leopard gecko is severely wounded.
The leopard gecko bites you.
* * * LOW HITPOINT WARNING * * *
You hit the leopard gecko but do no damage.
The leopard gecko is severely wounded.
The leopard gecko barely misses you.
A gnoll comes into view. It is wielding a +0 spear.
Unknown command.
You hit the leopard gecko.
You kill the leopard gecko!
You feel sick.
You closely miss the kobold. The kobold barely misses you.
You hit the kobold.
The kobold is heavily wounded.
The kobold closely misses you.
A frilled lizard comes into view.
The frilled lizard moves out of view.
You feel sick.
The gnoll hits you from afar with a +0 spear!
You die...

##########
#####...............
.........#
#.#.##.............#
.........#
#.#..##............#
.........#
#.....#.####.......#
.........# ####....#
..#####.# ###.######
##...## .## . #.#
#....# . #.#
#..#.##. #.#
#####@.#..#.#
###.#####
#...(K......#
........#
#.<†(..g..###
........#
#...†........#
.....)..#
#.............
........#
#.....#####...
........# ###.(#.
#.. ........# #.#.#.
#. ........# #. # #


You could see a gnoll and a kobold.

Vanquished Creatures
  An adder (D:2)
  An ooze (D:2)
  2 leopard geckos (D:2)
  A giant cockroach (D:2)
  6 goblins
  5 hobgoblins (D:1)
  5 jackals
  9 kobolds
  6 bats
  2 frilled lizards (D:2)
  8 rats
46 creatures vanquished.

Notes
Turn   | Place    | Note
-------+----------+-------------------------------------------
     0 | D:1      | MarredHen the Kobold Hunter began the quest for the Orb.
     0 | D:1      | Reached XP level 1. HP: 12/12 MP: 1/1
    14 | D:1      | Reached skill level 5 in Crossbows
    69 | D:1      | Reached XP level 2. HP: 15/17 MP: 2/2
   390 | D:1      | Reached XP level 3. HP: 21/21 MP: 3/3
   862 | D:2      | Reached skill level 6 in Crossbows
  1296 | D:2      | Reached XP level 4. HP: 27/27 MP: 4/4
  1371 | D:2      | Slain by a gnoll

Illustrated notes

Levels and vault maps discovered:
D:1:      shiori_arrival_maze, layout_basic, hangedman_decor_peaks_small
D:2:      layout_rooms, minmay_circle_x, uniq_crazy_yiuf_cottage

Skill      XL: |  1  2  3 |
---------------+----------+-----
Crossbows      | 5 6 |  6.2
Fighting       | |  2.5
Short Blades   | |  0.9
Armour         | |  0.4
Dodging        | |  2.6
Stealth        | |  1.5

Action                   |  1- 3 |  4- 6 || total
-------------------------+-------+-------++-------
Melee: Short sword       |     7 |     7 ||    14
       Hand crossbow     |     4 |       ||     4
 Fire: Hand crossbow     |    82 |     9 ||    91
  Use: Scroll            |     1 |       ||     1
  Eat: Chunk             |       |     1 ||     1
Armor: Leather armour    |     8 |       ||     8
Dodge: Dodged            |    42 |    10 ||    52

Table legend:
 A = Non-vault XP
 B = Vault XP
 C = Vault XP percentage of total XP
 D = Non-vault monster count
 E = Vault monster count
 F = Vault count percentage of total count
                 A         B        C        D         E       F
            +---------+---------+-------+---------+---------+-------
      Total |      69 |      22 |  24.2 |      40 |       6 |  13.0
            +---------+---------+-------+---------+---------+-------
        D:1 |      36 |       4 |  10.0 |      22 |       2 |   8.3
        D:2 |      33 |      18 |  35.3 |      18 |       4 |  18.2
            +---------+---------+-------+---------+---------+-------
